AoeStats
← bc129

Arabia

510149271Analyzed
3v3 RM · 3d ago on Sep 29, 2026· 22m 54s· 6 players
Game mode
Random Map
Map size
Normal (6 player)
Population
200
Speed
Normal
Resources
Standard
Victory
Conquest
Starting age
Dark Age
Ending age
Imperial Age
RankedLock teamsTeams togetherTeam positionsShared explorationLock speedFull tech treeHidden civsTurbo modeCheats
Victory
Defeat
🇧🇪 Mongols · Belgium
1232
+8
🇧🇪 Persians · Belgium
1205
+9
🇧🇪 Goths · Belgium
864
+22
🇨🇱 Ethiopians · Chile
1051
-14
🇷🇴 Wei · Romania
1031
-13
🇨🇱 Franks · Chile
1000
-38
Ryu
7:35 Loom
11:03 Feudal Age
11:40 Double-Bit Axe
16:10 Horse Collar
18:59 Bloodlines
23:57 Castle Age
lyusen
7:10 Loom
10:29 Feudal Age
11:35 Double-Bit Axe
11:32 Horse Collar
19:49 Castle Age
21:53 Fletching
cHeck
11:48 Feudal Age
16:42 Double-Bit Axe
bc129
10:50 Feudal Age
10:56 Loom
12:02 Double-Bit Axe
14:30 Horse Collar
19:28 Castle Age
20:41 Stone Mining
20:44 Gold Mining
21:07 Bow Saw
21:16 Heavy Plow
23:03 Forging
23:34 Stone Shaft Mining
Pillage The Village
6:01 Loom
9:10 Feudal Age
9:36 Double-Bit Axe
16:04 Forging
16:10 Bloodlines
20:50 Castle Age
19:24 Horse Collar
20:07 Scale Barding Armor
19:53 Gold Mining
23:28 Bow Saw
Myll_Barka
3:48 Loom
10:20 Feudal Age
11:10 Double-Bit Axe
16:42 Castle Age
14:28 Horse Collar
16:23 Bloodlines
16:11 Fletching
18:06 Bow Saw
19:23 Bodkin Arrow
Connection lost

Rejoining the realm…

Still unreachable

The connection could not be restored.

Session expired

The server has moved on; the page needs a fresh start.